 Dungeon Crawl Stone Soup version 0.31-a0-277-g31ea1f65cc (webtiles) character file.

Game seed: 4935420502512977512

5 HallandMoats the Trooper (level 1, 0/18 HPs)
             Began as a Demonspawn Fighter on July 15, 2023.
             Slain by a ball python (1 damage)
             ... on level 1 of the Dungeon.
             The game lasted 00:00:24 (105 turns).

HallandMoats the Trooper (Demonspawn Fighter)        Turns: 105, Time: 00:00:25

Health: 0/18       AC:  6    Str: 16    XL:     1   Next: 66%
Magic:  1/1        EV:  5    Int:  9    God:
Gold:   3          SH:  4    Dex: 12    Spells: 0/0 levels left

rFire   . . .        a - +0 war axe
rCold   . . .        c - +0 buckler
rNeg    . . .        b - +0 scale mail
rPois   .            (no helmet)
rElec   .            (no cloak)
rCorr   .            (no gloves)
SInv    .            (no boots)
Will    .....        (no amulet) Stlth
                     (no ring)
HPRegen 0.23/turn    (no ring)
MPRegen 0.07/turn

%: no passive effects
@: constricted
A: no striking features
a: no special abilities


You were on level 1 of the Dungeon.
You visited 1 branch of the dungeon, and saw 1 of its levels.

You collected 3 gold pieces.

Inventory:

Hand Weapons
 a - a +0 war axe (weapon)
Armour
 b - a +0 scale mail (worn)
 c - a +0 buckler (worn)
Scrolls
 e - a scroll of enchant armour {unknown}
Potions
 d - a potion of might


   Skills:
 * Level 3.2 Fighting
 + Level 1.9 Axes
 - Level 2.6 Armour
 + Level 2.8 Shields


You couldn't memorise any spells.
You didn't know any spells.
Your spell library was empty.

Dungeon Overview and Level Annotations

Branches:
Dungeon (1/15)

Altars:


Message History

The endoplasm quivers.
A ball python comes into view.
You miss the goblin. You block the goblin's attack. x2
You hit the goblin.
You kill the goblin!
You hit the ball python but do no damage.
You block the ball python's attack. The ball python grabs you.
The ball python constricts you.
The ball python bites you but does no damage.
The ball python constricts you. The endoplasm freezes you.
You are frozen.
You hit the endoplasm.
The endoplasm is moderately wounded.
You closely miss the ball python. You barely miss the ball python.
The ball python bites you but does no damage.
The ball python constricts you.
The ball python bites you but does no damage.
You block the ball python's attack. The ball python constricts you.
The endoplasm hits you. The ball python bites you.
You barely miss the endoplasm.
The endoplasm is moderately wounded.
You hit the ball python. x2
The ball python bites you but does no damage.
The ball python constricts you.
The ball python bites you but does no damage.
The endoplasm freezes you.
You are frozen.
The ball python bites you but does no damage.
The ball python constricts you.
The ball python bites you but does no damage.
You hit the endoplasm but do no damage.
The endoplasm is moderately wounded.
You closely miss the ball python. You barely miss the ball python.
The endoplasm freezes you.
You are frozen.
* * * LOW HITPOINT WARNING * * *
The ball python bites you but does no damage.
The ball python constricts you. The ball python bites you.
You die...

#.. ...#.#. . #..
.....>.#. #.. .........
#.. ........##########
#.. .........#.......#
#..
.........#.#####.###.#..
......SS.#.#.........#..
......J@.#.#.##.######..
####.....#.#..#.######..
#....................
................###.#..
########........# #.#..
.......... #.#..
....###.....#.#.. ....#
#.....#.#.. .....#
#.....#.#..


You could see an endoplasm and 2 ball pythons.

Vanquished Creatures
  A goblin (D:1)
  2 hobgoblins (D:1)
  A kobold (D:1)
4 creatures vanquished.

Notes
Turn   | Place    | Note
-------+----------+-------------------------------------------
     0 | D:1      | HallandMoats the Demonspawn Fighter began the quest for the
                  | Orb.
     0 | D:1      | Reached XP level 1. HP: 18/18 MP: 1/1
   105 | D:1      | Slain by a ball python

Illustrated notes

Levels and vault maps discovered:
D:1:      dpeg_arrival_boxorama, layout_basic, serial_park_tiny_1

Action                     || total
---------------------------++-------
  Melee: War axe           ||    13
 Armour: Scale mail        ||    11
  Dodge: Dodged            ||     3
  Block: Buckler           ||     6

Table legend: (Time is in decaauts)
 A = Elapsed time spent in this place.
 B = Non-inter-level travel time spent in this place.
 C = Inter-level travel time spent in this place.
 D = Time resting spent in this place.
 E = Time spent auto-exploring this place.
 F = Levels seen in this place.
 G = Mean time per level.
                   A        B        C        D        E       F      G
               +--------+--------+--------+--------+--------+-----+--------+
         Total |    110 |    110 |      0 |      0 |     74 |   1 |  110.0 |
       Dungeon |    110 |    110 |      0 |      0 |     74 |   1 |  110.0 |
               +--------+--------+--------+--------+--------+-----+--------+

Top non-repeatable levels by time:
     D:1: 110 daAuts
